 Dungeon Crawl Stone Soup version 0.30-a0-161-gdd60e06945 (webtiles) character file.

Game seed: 13808209340677772814

182 qw the Chopper (level 5, -1/33 HPs)
             Began as a Gargoyle Fighter on Sept 27, 2022.
             Killed by nerve-wracking pain
             ... invoked by an orc priest
              (4 damage)
             ... on level 3 of the Dungeon.
             The game lasted 00:01:11 (2429 turns).

qw the Chopper (Gargoyle Fighter)                   Turns: 2429, Time: 00:01:12

Health: -1/33      AC: 14    Str: 21    XL:     5   Next: 61%
Magic:  5/5        EV:  7    Int:  9    God:
Gold:   64         SH:  4    Dex:  9    Spells: 4/4 levels left

rFire   . . .      SeeInvis .    Y - +0 war axe
rCold   . . .      Faith    .    c - +0 buckler
rNeg    + . .      Spirit   .    j - +0 chain mail
rPois   inf        Reflect  .    g - +0 helmet
rElec   +          Harm     .    (no cloak)
rCorr   .          Rampage  .    (no gloves)
Will    .....                    (no boots)
Stlth   ..........               (no amulet)
HPRegen 0.11/turn                (no ring)
MPRegen 0.09/turn                (no ring)

@: no status effects
A: sickness immunity, AC +4, negative energy resistance 1, electricity
resistance, torment resistance 1, petrification resistance
a: no special abilities


You were on level 3 of the Dungeon.
You visited 1 branch of the dungeon, and saw 3 of its levels.

You collected 100 gold pieces.
You spent 36 gold pieces at shops.


Innate Abilities, Weirdness & Mutations

You are immune to sickness and miasma.
Your stone body is resilient. (AC +4)
You are immune to poison.
You resist negative energy. (rN+)
You are resistant to electric shocks. (rElec)
You are resistant to unholy torment.
You are immune to petrification.


   Skills:
 + Level 3.6 Fighting
 - Level 5.0 Axes
 - Level 3.2 Armour
 - Level 3.2 Shields


You had 4 spell levels left.
You didn't know any spells.
Your spell library was empty.

Inventory:

Hand Weapons
 b - a +0 flail
 Y - a +0 war axe (weapon)
Armour
 c - a +0 buckler (worn)
 g - a +0 helmet (worn)
 j - a +0 chain mail (worn)
Scrolls
 f - a scroll of poison {unknown}
 i - 4 scrolls of identify
Potions
 a - a potion of resistance {unknown}
 d - a potion of might
 h - 2 potions of curing

Dungeon Overview and Level Annotations

Branches:
Dungeon (3/15)

Altars:
Ru

Shops:
D:2 *

Annotations:
D:2 1 runed translucent door, Crazy Yiuf


Message History

The orc barely misses you.
The orc priest calls down the wrath of Beogh upon you.
Beogh smites you! The orc hits you with a +0 trident.
The orc priest looks satisfied for a moment.
You closely miss the orc. The orc closely misses you.
You barely miss the orc.
The orc shouts!
The orc hits you with a +0 trident.
You closely miss the orc. The orc hits you with a +0 trident.
The orc hits you but does no damage.
The orc priest hits you from afar with a +0 trident.
2422 ||| DRINKING potion of heal wounds.
You feel much better. The orc barely misses you.
The orc priest barely misses you.
You closely miss the orc. The orc closely misses you.
The orc priest calls down the wrath of Beogh upon you.
Beogh smites you!
You closely miss the orc. You block the orc's attack.
The orc priest hits you from afar with a +0 trident.
You closely miss the orc. The orc closely misses you.
The orc priest looks satisfied for a moment.
You closely miss the orc. The orc hits you with a +0 trident!
The orc priest barely misses you.
The orc priest hits you but does no damage.
You closely miss the orc.
The orc hits you from afar with a +0 trident.
The orc priest hits you but does no damage.
The orc hits you but does no damage.
You slash the orc!
You kill the orc!
The orc hits you but does no damage. The orc priest completely misses you.
The orc hits you with a +0 trident.
The orc priest invokes the aid of Beogh against you.
Pain shoots through your body!
You die...

##...###.........#
...#.###.......<.#
.###.............#
.#...###.........#
...#####.........#
.....#....######.#
.....#...## #.#
.....#...# #.#
.....#...# #@#
.........##.....oo..#
.........##.........#
######...##.........#
# #...##.........#
###.##.........#
#............#
###.........#


You could see an orc priest and an orc.

Vanquished Creatures
  An iguana (D:3)
  Jessica (D:3)
  3 gnolls (D:2)
  2 adders
  4 worms
  2 dart slugs
  4 orcs (D:3)
  5 bats
  6 endoplasms
  4 giant cockroaches
  6 hobgoblins
  4 quokkas
  A ball python (D:1)
  5 frilled lizards
  2 goblins (D:2)
  6 kobolds
  11 rats
67 creatures vanquished.

Vanquished Creatures (others)
  9 plants (D:2)
9 creatures vanquished.

Grand Total: 76 creatures vanquished

Notes
Turn   | Place    | Note
-------+----------+-------------------------------------------
     0 | D:1      | qw the Gargoyle Fighter began the quest for the Orb.
     0 | D:1      | Reached XP level 1. HP: 14/14 MP: 1/1
     0 | D:1      | 0 ||| qw: Version: 0.2-a-10-g37ed214
     0 | D:1      | 0 ||| qw: Game counter: 647
     0 | D:1      | 0 ||| qw: Always use a shield: true
     0 | D:1      | 0 ||| qw: God list: Okawaru
     0 | D:1      | 0 ||| qw: Allow faded altars: false
     0 | D:1      | 0 ||| qw: Do Orc after D:15 true
     0 | D:1      | 0 ||| qw: Do second Lair branch before Depths: true
     0 | D:1      | 0 ||| qw: Lair rune preference: random
     0 | D:1      | 0 ||| qw: Plans: Normal, Zot:1-4, God:TSO, Crypt, Tomb,
                  | Pan, Slime:5, Hells, Abyss, Orb
     0 | D:1      | 0 ||| PLANNING D:1-11
    63 | D:1      | Reached skill level 2 in Axes
   145 | D:1      | Found a faded altar of an unknown god.
   279 | D:1      | Reached XP level 2. HP: 19/19 MP: 2/2
   881 | D:1      | 881 ||| UPGRADING to +0 helmet.
   886 | D:1      | 886 ||| UPGRADING to +0 chain mail.
   896 | D:1      | 896 ||| DROPPING +0 scale mail.
   897 | D:1      | 897 ||| READING scroll labelled KITTIKEVAU.
   898 | D:1      | 898 ||| READING 3 scrolls labelled MUMMAEMIJA.
   899 | D:1      | 899 ||| READING 2 scrolls of identify.
   899 | D:1      | 899 ||| IDENTIFYING pink potion
   952 | D:2      | Reached skill level 3 in Axes
   952 | D:2      | Reached XP level 3. HP: 23/23 MP: 3/3
   974 | D:2      | 974 ||| DROPPING +0 club.
  1070 | D:2      | Found a sacrificial altar of Ru.
  1084 | D:2      | Reached XP level 4. HP: 24/28 MP: 4/4
  1085 | D:2      | 1085 ||| FLEEEEING.
  1086 | D:2      | 1086 ||| FLEEEEING.
  1087 | D:2      | 1087 ||| FLEEEEING.
  1088 | D:2      | 1088 ||| FLEEEEING.
  1183 | D:2      | Reached skill level 4 in Axes
  1298 | D:2      | Found Aggawk's Assorted Antiques.
  1300 | D:2      | 1300 ||| Stepping ~*~*~tactically~*~*~ (stealth).
  1342 | D:2      | 1342 ||| BUYING brown potion (17 gold).
  1342 | D:2      | Bought a brown potion for 17 gold pieces
  1342 | D:2      | 1342 ||| SHOPLISTING diamond ring (95 gold, have 35).
  1342 | D:2      | 1342 ||| SHOPLISTING glowing cloak (142 gold, have 35).
  1342 | D:2      | 1342 ||| BUYING scroll labelled AFEXZO FOAXUR (19 gold).
  1342 | D:2      | Bought a scroll labelled AFEXZO FOAXUR for 19 gold pieces
  1342 | D:2      | 1342 ||| SHOPLISTING scroll of identify (38 gold, have 16).
  1342 | D:2      | 1342 ||| SHOPLISTING viscous inky potion (17 gold, have
                  | 16).
  1394 | D:2      | 1394 ||| Stepping ~*~*~tactically~*~*~ (stealth).
  1399 | D:2      | 1399 ||| Stepping ~*~*~tactically~*~*~ (stealth).
  1414 | D:2      | 1414 ||| Stepping ~*~*~tactically~*~*~ (stealth).
  1416 | D:2      | 1416 ||| Stepping ~*~*~tactically~*~*~ (stealth).
  1421 | D:2      | 1421 ||| FLEEEEING.
  1422 | D:2      | 1422 ||| FLEEEEING.
  1423 | D:2      | 1423 ||| FLEEEEING.
  1424 | D:2      | 1424 ||| FLEEEEING.
  1425 | D:2      | 1425 ||| FLEEEEING.
  1426 | D:2      | 1426 ||| FLEEEEING.
  1427 | D:2      | 1427 ||| FLEEEEING.
  1428 | D:2      | 1428 ||| FLEEEEING.
  1429 | D:2      | 1429 ||| FLEEEEING.
  1430 | D:2      | 1430 ||| FLEEEEING.
  1431 | D:2      | 1431 ||| FLEEEEING.
  1432 | D:2      | 1432 ||| FLEEEEING.
  1433 | D:2      | 1433 ||| FLEEEEING.
  1434 | D:2      | 1434 ||| FLEEEEING.
  1436 | D:2      | 1436 ||| FLEEEEING.
  1437 | D:2      | 1437 ||| FLEEEEING.
  1438 | D:2      | 1438 ||| FLEEEEING.
  1439 | D:2      | 1439 ||| FLEEEEING.
  1440 | D:2      | 1440 ||| FLEEEEING.
  1441 | D:2      | 1441 ||| FLEEEEING.
  1442 | D:2      | 1442 ||| FLEEEEING.
  1443 | D:2      | 1443 ||| FLEEEEING.
  1444 | D:2      | 1444 ||| FLEEEEING.
  1445 | D:2      | 1445 ||| FLEEEEING.
  1448 | D:2      | 1448 ||| FLEEEEING.
  1449 | D:2      | 1449 ||| FLEEEEING.
  1450 | D:2      | 1450 ||| FLEEEEING.
  1451 | D:2      | 1451 ||| FLEEEEING.
  1452 | D:2      | 1452 ||| FLEEEEING.
  1453 | D:2      | 1453 ||| STAIRDANCE
  1476 | D:1      | 1476 ||| READING scroll labelled AFEXZO FOAXUR.
  1479 | D:1      | 1479 ||| DRINKING 3 coppery potions.
  1645 | D:2      | Found a runed translucent door.
  1646 | D:2      | Noticed Crazy Yiuf
  1798 | D:3      | Noticed Jessica
  1805 | D:3      | Killed Jessica
  1806 | D:3      | Reached XP level 5. HP: 21/32 MP: 5/5
  2104 | D:3      | Reached skill level 5 in Axes
  2175 | D:3      | 2175 ||| Stepping ~*~*~tactically~*~*~ (stealth).
  2197 | D:3      | 2197 ||| Stepping ~*~*~tactically~*~*~ (stealth).
  2414 | D:3      | 2414 ||| Stepping ~*~*~tactically~*~*~ (stealth).
  2415 | D:3      | 2415 ||| Stepping ~*~*~tactically~*~*~ (stealth).
  2421 | D:3      | HP: 5/32 [orc priest/+0 trident (4)]
  2422 | D:3      | 2422 ||| DRINKING potion of heal wounds.
  2426 | D:3      | HP: 7/32 [orc/+0 trident (7)]
  2429 | D:3      | HP: 3/33 [orc/+0 trident (1)]
  2429 | D:3      | Killed from afar by an orc priest

Levels and vault maps discovered:
D:1:      dpeg_arrival_radiant, layout_basic, hellmonk_ecumenical_altar_blasted
D:2:      layout_rooms, basic_altar, serial_shops, nicolae_shop_stone,
          nicolae_grassy_gnolls, uniq_crazy_yiuf_cottage
D:3:      layout_rooms, lightli_corner_chamber, uniq_jessica

Skill      XL: |  1  2  3  4  5 |
---------------+----------------+-----
Axes           | 2 3 4 5 |  5.0
Fighting       | |  3.6
Armour         | |  3.2
Shields        | |  3.2

Action                   |  1- 3 |  4- 6 || total
-------------------------+-------+-------++-------
Melee: War axe           |    92 |   128 ||   220
  Use: Scroll            |     3 |     1 ||     4
       Potion            |       |     2 ||     2
Armor: Scale mail        |    41 |       ||    41
       Chain mail        |    19 |    83 ||   102
Dodge: Dodged            |    36 |    33 ||    69
Block: Buckler           |    16 |    24 ||    40

Table legend:
 A = Non-vault XP
 B = Vault XP
 C = Vault XP percentage of total XP
 D = Non-vault monster count
 E = Vault monster count
 F = Vault count percentage of total count
                 A         B        C        D         E       F
            +---------+---------+-------+---------+---------+-------
      Total |     182 |      78 |  30.0 |      63 |       4 |   6.0
            +---------+---------+-------+---------+---------+-------
        D:1 |      25 |       0 |   0.0 |      17 |       0 |   0.0
        D:2 |      67 |      41 |  38.0 |      27 |       3 |  10.0
        D:3 |      90 |      37 |  29.1 |      19 |       1 |   5.0
            +---------+---------+-------+---------+---------+-------
